[Event "CEZ Chess Trophy 2022"]
[Site "Prague"]
[Date "2022.06.02"]
[Round "10.1"]
[White "Narayanan.S.L"]
[Black "Navara, David"]
[Result "1/2-1/2"]
[ECO "D46"]
[WhiteElo "2662"]
[BlackElo "2682"]
[Annotator "TA"]
[PlyCount "62"]
[EventDate "2022.05.31"]
[EventType "match"]
[EventCountry "CZE"]
[SourceTitle "playchess.com"]
[Source "ChessBase"]
[SourceQuality "1"]
[TimeControl "900+10"]

1. Nf3 d5 2. d4 Nf6 3. c4 c6 4. Nc3 e6 5. e3 Nbd7 6. Qc2 Bd6 7. Be2 O-O 8. O-O dxc4 9. Bxc4 b5 10. Bd3 Bb7 11. e4 e5 12. h3 {[%emt 0:00:02] D46: Semi-Slav: 5 e3 Nbd7 6 Bd3, Black avoids the Meran.} a6 13. dxe5 Nxe5 14. Nxe5 Bxe5 15. Be3 Qe7 16. Ne2 (16. f4 $5 Bxc3 17. bxc3 $11) 16... Bd6 17. Nd4 g6 {[%emt 0:00:05] [#] Inhibits Nf5.} 18. Nb3 $146 {[%emt 0:02:58] Prevents c5.} ({Much worse is} 18. Nxc6 Bxc6 19. Qxc6 Rfc8 $15) ({Predecessor:} 18. Nf3) 18... Rad8 ({Don't take} 18... Qe5 19. f4 Qe7 20. Bd4 $16) 19. Nc5 Bc8 20. b4 Nd7 21. f4 Nxc5 22. bxc5 Bc7 23. Rae1 Qh4 24. e5 {[%emt 0:01:47] [#]} Bxh3 $1 25. gxh3 {[%emt 0:00:01] Hoping for Kh2. The position is equal.} Qg3+ 26. Kh1 Qxh3+ 27. Kg1 {[%emt 0:00:02] Be4 is the strong threat.} Qg3+ 28. Kh1 {[%emt 0:00:01] [#] And now Be4 would win.} Rxd3 29. Qxd3 {[%emt 0:00:01] Strongly threatening Qd7. The board is on fire.} Qh3+ 30. Kg1 {[%emt 0:00:01] Black must now prevent Qe4.} Qg3+ 31. Kh1 {[%emt 0:00:01] Threatens to win with Qd7.} Qh3+ {[%emt 0:00:01] Weighted Error Value: White=0.09 (flawless) /Black=0.06 (flawless)} 1/2-1/2

[Event "CEZ Chess Trophy 2022"]
[Site "Prague"]
[Date "2022.06.02"]
[Round "11.1"]
[White "Narayanan.S.L"]
[Black "Navara, David"]
[Result "1-0"]
[ECO "B90"]
[WhiteElo "2662"]
[BlackElo "2682"]
[Annotator "TA"]
[PlyCount "50"]
[EventDate "2022.05.31"]
[EventType "match"]
[EventCountry "CZE"]
[SourceTitle "playchess.com"]
[Source "ChessBase"]
[SourceQuality "1"]
[TimeControl "900+10"]

1. e4 c5 2. Ne2 Nf6 3. Nbc3 d6 4. d4 cxd4 5. Nxd4 a6 6. Qd3 {[%emt 0:00:09] B90: Sicilian Najdorf: Unusual White 6th moves, 6 Be3 Ng4 and 6 Be3 e5.} Nbd7 7. Be2 g6 {[%emt 0:00:52] 7...b5 is the fancy move.} 8. Bg5 {[%emt 0:00:18] The position is equal.} Bg7 9. O-O-O $1 h6 10. Bh4 Qc7 11. f4 {[%emt 0:00:17][%cal Oe4e5,Bf2f4,Bf4e5][%mdl 32] [#] Hoping for e5!} b5 $146 ({Better is} 11... O-O $14) ({Predecessor:} 11... e5 12. Ndb5 axb5 13. Nxb5 Qc5 14. Nxd6+ Ke7 15. Qb3 Rf8 16. Rd5 Qb6 17. Nxc8+ Rfxc8 18. Rxd7+ Kxd7 19. Qxb6 Rxa2 20. Qxb7+ Rc7 21. Rd1+ {1-0 (21) Chrzaszcz,M (1996)-Reichel,L (1760) Sypniewo 2021}) 12. Bf3 $2 (12. e5 $1 $18 dxe5 13. Ne6 $1 fxe6 14. Qxg6+ Kf8 15. Bxf6 Nxf6 16. fxe5) 12... Bb7 $1 $11 13. Rhe1 $36 {[%emt 0:01:01][%cal Oe4e5][%mdl 2048] White is pushing.} Rc8 $2 (13... O-O $1 $11 {and Black is okay.}) 14. e5 $1 $18 dxe5 15. fxe5 (15. Bxb7 Qxb7 16. fxe5 Nc5 $14) 15... Nc5 16. Qe2 Bxf3 $2 (16... Ng8 {is a better chance.} 17. Nd5 Qa5) 17. Qxf3 Nfd7 18. Bxe7 $2 Nxe5 {[%emt 0:00:11] [#]} 19. Bf6 (19. Ndxb5 $142 $1 axb5 20. Bd6 (20. Bf6 O-O $17)) 19... O-O 20. Rxe5 Bxf6 21. Rxc5 ({Stronger than} 21. Qxf6 Nd7 22. Ne6 Qxe5 23. Qxe5 Nxe5 24. Nxf8 Kxf8 $11) 21... Qxc5 22. Qxf6 {[%emt 0:00:11] aiming for Ne4.} Rfd8 (22... Rfe8 $142 23. Qf3 (23. Qxa6 b4 $16) 23... Red8) 23. a3 {[%emt 0:00:26] Black must now prevent Ne4.} ({Weaker is} 23. Qxa6 b4 24. Nce2 (24. Ne4 Qc7 $16) 24... Qd5 $16) 23... Rd6 {[%emt 0:00:10] White is clearly better.} 24. Qf4 Rcd8 25. Nce2 (25. Nf3 $18) 25... Kg7 {[%emt 0:00:14] Weighted Error Value: White=0.52/Black=0.55} (25... a5 $16 26. Kb1 b4) 1-0

[Event "CEZ Chess Trophy 2022"]
[Site "Prague"]
[Date "2022.06.02"]
[Round "12.1"]
[White "Navara, David"]
[Black "Narayanan.S.L"]
[Result "1-0"]
[ECO "C44"]
[WhiteElo "2682"]
[BlackElo "2662"]
[Annotator "TA"]
[PlyCount "131"]
[EventDate "2022.05.31"]
[EventType "match"]
[EventCountry "CZE"]
[SourceTitle "playchess.com"]
[Source "ChessBase"]
[SourceQuality "1"]
[TimeControl "900+10"]

1. e4 e5 2. Nf3 Nc6 3. g3 Nf6 4. d3 Bc5 5. Bg2 O-O 6. O-O d5 7. exd5 Nxd5 8. a3 $5 {[%emt 0:00:39][%mdl 4] An interesting side line. C44: Ponziani Opening and Scotch Gambit.} a5 {[%emt 0:00:10] Against b4} 9. Re1 Re8 10. Nc3 {[%emt 0:00:10] The position is equal.} Nxc3 11. bxc3 {[%emt 0:00:09] [#]} Bg4 $146 ({Predecessor:} 11... Bf8 12. Nd2 Bd7 13. Rb1 b6 14. Ne4 h6 15. c4 Nd4 16. Bb2 Bc6 17. Nc3 Bxg2 18. Kxg2 {0-1 (50) Rubinetti,J (2441)-Labollita,M (2261) Mar del Plata 2000}) 12. h3 Bh5 13. g4 Bg6 14. Ng5 {[%emt 0:00:09] Prevents e4.} h6 15. Ne4 Bb6 16. Rb1 Rb8 17. a4 Kh8 18. Qf3 (18. g5 {seems wilder.} hxg5 19. Qg4 f5 20. Qxg5 Re6 21. Ng3) 18... Qd7 19. Be3 (19. g5 {feels hotter.} hxg5 20. Bxg5 Qe6 21. Be3) 19... Bxe3 20. fxe3 Nd8 21. Rb5 b6 22. h4 (22. Qg3 $15) 22... Nb7 $1 $17 23. Ng3 (23. g5 $17) 23... Nd6 $19 24. Rb2 e4 (24... Qxa4 25. e4 $17) 25. Qf4 exd3 26. h5 (26. cxd3 $17 Bxd3 27. g5) 26... d2 27. Rd1 Bh7 28. Rxd2 Qe7 29. Bc6 $2 {[%emt 0:00:10] [#]} (29. Re2 {is a better chance.}) 29... Red8 $2 (29... Nc4 $1 30. Qxc4 (30. Bxe8 $2 Rxe8 31. Rf2 Nxb2 $19) 30... Qxe3+ 31. Rf2 Qxg3+ 32. Kf1 Re6) 30. Rb1 Rf8 31. Rbd1 f5 32. Rxd6 cxd6 33. gxf5 Rbc8 ({Black should try} 33... Qe5 $19 34. Be4 Qxf4 35. exf4 Rbd8) 34. Rxd6 $17 Rf6 35. Rd7 Qc5 (35... Qa3 $17 36. Qg4 Qc1+ 37. Nf1 Rg8) 36. Be4 (36. Bb7 $1 $11 Bxf5 37. Rd5) 36... Bg8 ({Better is} 36... Rff8 $17) 37. Qg4 $2 (37. Bb7 $14 {stays ahead.}) 37... Bf7 (37... Qxe3+ $19 38. Kg2 Bf7) 38. Kf2 Re8 39. Ne2 $2 (39. Qf4 $17 {was necessary.}) 39... Qe5 (39... b5 $1 $19 {[%cal Rb5a4] and Black stays clearly on top.} 40. Nd4 (40. axb5 $2 Qxb5 41. Rb7 Qc5 $19) 40... Qe5 41. axb5 Qxe4 42. Qxe4 Rxe4) 40. Kf3 $2 {[%emt 0:00:09] [#]} (40. Ng3 $17) 40... Re7 $2 (40... Bxh5 $1 {[%mdl 512] mates} 41. Ng3 (41. Qxh5 Qxe4+) 41... Bxg4+ 42. Kxg4 g6 43. Kh3 gxf5 44. Rd5 Qc7 45. Bf3 Rxe3 46. Rd3 Qf4 47. Rd8+ Kh7 48. Rd7+ Kg8 49. Bd5+ Rf7 $3 50. Bxf7+ Kf8 51. Rd8+ Kxf7 52. Rd7+ Kg6 53. Rd6+ Qxd6 54. Kh2 Qxg3+ 55. Kh1 Re1#) 41. Rxe7 $15 Qxe7 42. Bd3 Qb7+ {[%emt 0:00:13][%mdl 1024] Black has compensation.} 43. e4 Be8 (43... Rc6 $1 $17) 44. Kf4 (44. Nf4 $11 {remains equal.}) 44... Bd7 ({Black should play} 44... Bxa4 $17 {Strongly threatening ...Be8.} 45. Ke3 Qe7) 45. e5 $11 {[%emt 0:00:09] Really sharp!} Qc7 46. Qg3 (46. Nd4 $11) 46... Rf8 (46... Rc6 $15 47. Qe3 Rc5) 47. c4 $2 {[%emt 0:00:10][%mdl 8192] [#]} (47. Kg4 $1 $11 {and White stays safe.}) 47... Qc8 $2 ({Inferior is} 47... Bxa4 48. Nc3 Be8 49. Ke3 $17) (47... Bxf5 $1 $19 48. Ke3 Be6) 48. Nd4 Qc5 49. Qe3 {[%emt 0:00:09] Active counter play!} Qe7 50. Kg4 {[%emt 0:00:10] Inhibits Qg5+.} Re8 51. e6 (51. Nf3 $11) 51... Bxa4 $15 52. Nf3 {[%emt 0:00:10] [#]} (52. Nb5 $15) 52... Rd8 (52... Qc5 $1 $17 53. Qxc5 bxc5) 53. Ne5 $2 (53. Qxb6 $11 Kg8 54. Qxa5) 53... Kg8 $2 (53... Be8 $19 {Threatens to win with ...a4.} 54. Nf3 a4 55. Qxb6 a3) 54. Ng6 $36 {[%emt 0:00:10][%mdl 2048] White has some pressure.} Qf6 55. e7 Re8 56. Be4 Qg5+ $2 (56... Bd7 $11) 57. Qxg5 hxg5 {[%emt 0:00:09] KRB-KBN} 58. Bd5+ Kh7 59. Kxg5 Rc8 60. Nf8+ Kh8 61. Ng6+ (61. h6 $142 Be8 62. hxg7+ Kxg7 63. f6+ Kh8 64. Kh6 Rc7 65. Ng6+ Bxg6 66. Kxg6 Rc8 67. f7 Rc6+ 68. Bxc6 b5 69. f8=Q#) 61... Kh7 $18 62. Nf8+ (62. Be6 $18 Re8 63. Nf8+ Kh8 64. f6 Rxe7 65. fxe7 Be8 66. Bd7 Bf7 67. Ne6) 62... Kh8 63. h6 {[%emt 0:00:09] White mates.} gxh6+ 64. Kxh6 Be8 65. Ng6+ Bxg6 66. fxg6 {[%emt 0:00:08] Never resign too early!  Weighted Error Value: White=0.82/Black=0.72} 1-0